 Dungeon Crawl Stone Soup version 0.29.1-12-g30fa7ad0bf (webtiles) character file.

Game seed: 9782965672995956655

7 zeram the Sneak (level 1, 0/9 HPs)
             Began as a Spriggan Enchanter on Dec 13, 2022.
             Slain by a jackal (3 damage)
             ... on level 1 of the Dungeon.
             The game lasted 00:00:31 (421 turns).

zeram the Sneak (Spriggan Enchanter)                 Turns: 421, Time: 00:00:32

Health: 0/9        AC:  2    Str:  4    XL:     1   Next: 83%
Magic:  5/5        EV: 17    Int: 16    God:
Gold:   0          SH:  0    Dex: 15    Spells: 6/6 levels left

rFire   . . .      SeeInvis +   a - +1 dagger
rCold   . . .      Faith    .   (no shield)
rNeg    . . .      Spirit   .   b - +0 robe
rPois   .          Reflect  .   (helmet restricted)
rElec   .          Harm     .   (no cloak)
rCorr   .          Rampage  .   (gloves unavailable)
Will    .....                   (boots unavailable)
Stlth   +++.......              (no amulet)
HPRegen 0.03/turn               (no ring)
MPRegen 0.09/turn               (no ring)

@: very quick
A: very small, no large weapons, unfitting armour, see invisible, speed 3
a: no special abilities


You were on level 1 of the Dungeon.
You visited 1 branch of the dungeon, and saw 1 of its levels.

Inventory:

Hand Weapons
 a - a +1 dagger (weapon)
Armour
 b - a +0 robe (worn)
Scrolls
 d - 4 scrolls of identify {unknown}
 e - a scroll of fear {unknown}
 g - 3 scrolls of noise {unknown}
 h - a scroll of enchant armour {unknown}
Potions
 c - 2 potions of invisibility
 f - a potion of flight {unknown}
 i - a potion of attraction {unknown}
 j - a potion of mutation {unknown}


   Skills:
 + Level 1.1 Short Blades
 + Level 2.9 Dodging
 + Level 4.4 Stealth
 + Level 3.0 Spellcasting
 + Level 3.9 Hexes


You had 6 spell levels left.
You didn't know any spells.
Your spell library contained the following spells:

 Spells                   Type           Power      Damage    Failure   Level
 Confusing Touch          Hex            14%        N/A       12%         3
 Tukima's Dance           Hex            14%        N/A       12%         3
 Ensorcelled Hibernation  Hex/Ice        16%        N/A       13%         2
 Sandblast                Erth           4%         2d4       19%         1
 Dazzling Flash           Conj/Hex       16%        N/A       26%         3
 Passwall                 Tmut/Erth      1%         N/A       28%         2
 Stone Arrow              Conj/Erth      4%         3d7       50%         3


Dungeon Overview and Level Annotations

Branches:
Dungeon (1/15)

Altars:


Innate Abilities, Weirdness & Mutations

You are very small and have problems with some larger weapons.
You are too small for most types of armour.
You have supernaturally acute eyesight. (SInv)
You cover ground extremely quickly. (Speed+++)


Message History

A jackal is nearby!
A jackal is nearby!
A jackal comes into view.
Found a spear.
The jackal barks! x2
A jackal comes into view.
A ball python comes into view.
A giant cockroach comes into view.
The jackal bites you.
The ball python hisses angrily.
You hit the jackal but do no damage. The jackal completely misses you.
The jackal misses you.
You miss the jackal.
The jackal bites you but does no damage.
The jackal closely misses you. The jackal misses you.
You hit the jackal.
The jackal is heavily wounded.
The jackal misses you. The jackal completely misses you. x2
You miss the jackal.
The jackal is heavily wounded.
The jackal misses you. x2; The jackal closely misses you.
You hit the jackal. Your punch misses the jackal.
The jackal is almost dead.
The jackal completely misses you. The jackal closely misses you.
The jackal bites you. The ball python barely misses you.
The ball python closely misses you. The jackal completely misses you.
The jackal closely misses you.
Unknown command.
You closely miss the jackal.
The jackal is almost dead.
The jackal closely misses you. The giant cockroach bites you.
The jackal closely misses you.
The ball python bites you but does no damage.
The ball python misses you. The jackal bites you.
* * * LOW HITPOINT WARNING * * *
The jackal bites you but does no damage.
The giant cockroach waves its antennae.
There is a stone staircase leading down here.
The jackal bites you.
You die...

#..###..#
#..##...#
#..##...#
#..##...#
#..##B..#
#...h...#####
#...hS..[...#
#...h......##
#..#@......#
#..##.....##
#..##.....# #
#...#.....# ##
#.#.....### #.
##.#.##.÷÷## #.
#..#.####÷.# #.
#.##.# #..######
.##
#.##.####.......#
..#


You could see 3 jackals, a giant cockroach and a ball python.

Vanquished Creatures
  2 bats (D:1)
  2 hobgoblins (D:1)
  A ball python (D:1)
  2 rats (D:1)
7 creatures vanquished.

Notes
Turn   | Place    | Note
-------+----------+-------------------------------------------
     0 | D:1      | zeram the Spriggan Enchanter began the quest for the Orb.
     0 | D:1      | Reached XP level 1. HP: 9/9 MP: 5/5
   421 | D:1      | Slain by a jackal

Illustrated notes

Levels and vault maps discovered:
D:1:      dpeg_arrival_circle_labyrinth_c, layout_rooms,
          dreamdust_ecumenical_altar_hidden_monk_grotto,
          ebering_dispersal_statue_hall

Skill      XL: |  1 |
---------------+----+-----
Spellcasting   | 3 |  3.0
Short Blades   | |  1.1
Dodging        | |  2.9
Stealth        | |  4.4
Hexes          | |  3.9

Action                   || total
-------------------------++-------
Melee: Dagger            ||    23
Armor: Robe              ||     7
Dodge: Dodged            ||    36
